 Dungeon Crawl Stone Soup version 0.30-a0-743-gbfdf073431 (webtiles) character file.

Game seed: 17007886042783293970

5066 jimonade the Slicer (level 10, -12/51 (53) HPs)
             Began as a Vine Stalker Fighter on Feb 7, 2023.
             Was a Follower of Uskayaw.
             Mangled by an orc knight
             ... wielding a +0 war axe
              (14 damage)
             ... in a bailey.
             The game lasted 00:16:07 (6097 turns).

jimonade the Slicer (Vine Stalker Fighter)          Turns: 6097, Time: 00:16:07

HP:   -12/51 (53)   AC: 11    Str: 20    XL:     10   Next: 56%
MP:   0/11          EV:  5    Int: 10    God:    Uskayaw [*.....]
Gold: 355           SH: 14    Dex: 15    Spells: 9/9 levels left

rFire   + . .      SeeInvis .    b - +1 short sword (venom)
rCold   . . .      Faith    .    g - +0 tower shield
rNeg    . . .      Spirit   +    J - +0 chain mail
rPois   .          Reflect  .    (no helmet)
rElec   .          Harm     .    K - +0 cloak
rCorr   .          Rampage  .    (no gloves)
Will    +....                    (no boots) Stlth
                                 (no amulet)
HPRegen 1.08/turn                D - +4 ring of slaying
MPRegen 0.12/turn                w - ring of protection from fire

@: lightly drained
A: fangs 3, regeneration 1, magic shield, antimagic bite, no potion heal 2
a: Renounce Religion, Stomp


You were in a bailey.
You worshipped Uskayaw.
Uskayaw was noncommittal.
You visited 2 branches of the dungeon, and saw 10 of its levels.
You also visited: Bailey.

You collected 355 gold pieces.

Inventory:

Hand Weapons
 a - a +1 rapier of electrocution
 b - a +1 short sword of venom (weapon)
 r - a +0 war axe
 s - a +1 hand axe of freezing
 u - a +0 lajatang
 z - a +7 dagger of speed
 C - a +0 dagger of distortion
 G - a +0 sling
 N - a +3 battleaxe
Missiles
 y - 7 poisoned darts (quivered)
 H - 25 stones
Armour
 c - a +0 buckler
 e - a +0 ring mail
 g - a +0 tower shield (worn)
 o - +0 steam dragon scales
 A - a +0 scale mail
 I - a +1 leather armour of willpower
 J - a +0 chain mail (worn)
 K - a +0 cloak (worn)
 L - +0 acid dragon scales
Magical Staves
 E - a staff of cold
Jewellery
 w - a ring of protection from fire (right hand)
 D - a +4 ring of slaying (left hand)
Wands
 x - a wand of polymorph (5)
 B - a wand of iceblast (7)
 F - a wand of paralysis (2)
Scrolls
 h - 5 scrolls of teleportation
 i - a scroll of fog
 k - 2 scrolls of vulnerability
 l - a scroll of identify
 p - a scroll of enchant weapon
 q - 4 scrolls of blinking
 v - a scroll of silence {unknown}
 M - a scroll of enchant armour {unknown}
Potions
 d - 2 potions of might
 f - 2 potions of brilliance
 j - a potion of heal wounds
 m - a potion of cancellation
 n - 3 potions of curing {unknown}
 t - a potion of ambrosia


   Skills:
 + Level 5.7 Fighting
 * Level 9.2 Short Blades
 - Level 3.4 Axes
 + Level 6.2 Armour
 + Level 2.4 Dodging
 + Level 1.9 Stealth
 + Level 5.6 Shields
 * Level 1.2 Invocations


You had 9 spell levels left.
You didn't know any spells.
Your spell library contained the following spells:

 Spells                   Type           Power      Damage    Failure   Level
 Apportation              Tloc           0%         N/A       100%        1
 Beastly Appendage        Tmut           0%         N/A       100%        1
 Sting                    Tmut/Pois      0%         1d3       100%        1
 Poisonous Vapours        Pois/Air       0%         N/A       100%        2
 Wereblood                Tmut           0%         N/A       100%        2
 Spider Form              Tmut/Pois      0%         N/A       100%        3
 Olgreb's Toxic Radiance  Pois           0%         N/A       100%        4
 Alistair's Intoxication  Tmut/Pois      0%         N/A       100%        5


Dungeon Overview and Level Annotations

Branches:
Dungeon (9/15)             Temple (1/1) D:7          Bailey (1/1)
   Lair: D:8-11         Orc: D:9-12

Altars:
Ashenzari
Cheibriados
Dithmenos
Elyvilon
Gozag
Hepliaklqana
Kikubaaqudgha
Nemelex Xobeh
Sif Muna
Trog
Uskayaw
Vehumet
Wu Jian
Xom
Yredelemnul
Zin
The Shining One

Annotations:
D:6 1 runed translucent door, timneilson's ghost, novice GrFi
D:9 Amaemon


Innate Abilities, Weirdness & Mutations

You have razor-sharp teeth.
Your natural rate of healing is unusually fast.
When hurt, damage is shared between your health and your magic reserves.
Your bite disrupts and absorbs the magic of your enemies.
Potions cannot restore your health.


Message History

The orc knight hits you with a +0 war axe!!
You hit the orc knight but do no damage.
The orc knight is poisoned.
The orc knight is lightly wounded.
You block the orc's attack.
You hit the orc knight.
The orc knight looks as sick as possible!
You bite the orc knight, but do no damage.
The orc knight is lightly wounded.
You block the orc knight's attack. The orc hits you with a +0 hand axe.
You hit the orc knight but do no damage.
The orc knight looks as sick as possible!
You bite the orc knight. You drain its power.
You feel invigorated.
The orc knight is lightly wounded.
The orc knight hits you with a +0 war axe.
You hit the orc knight but do no damage.
The orc knight looks as sick as possible!
Your bite misses the orc knight.
The orc knight is moderately wounded.
You block the orc's attack.
The orc knight hits you with a +0 war axe!!
* * * LOW HITPOINT WARNING * * *
You closely miss the orc knight. Your bite misses the orc knight.
The orc knight is moderately wounded.
The orc splashes around in the water.
You block the orc knight's attack.
You hit the orc knight but do no damage.
The orc knight looks as sick as possible!
Your bite misses the orc knight.
The orc knight is moderately wounded.
You block the orc's attack.
The orc knight hits you with a +0 war axe!
* * * LOW HITPOINT WARNING * * *
You hit the orc knight.
The orc knight is moderately wounded.
The orc hits you with a +0 hand axe.
* * * LOW HITPOINT WARNING * * *
You hit the orc knight.
The orc knight is heavily wounded.
The orc knight hits you with a +0 war axe!
You die...

#......≈≈≈≈~.#++####
###......≈≈≈≈~.#.....#
#..............'.....#
#∩..∩..........'.o⌠o.#
#..............'.....#
###......≈≈≈≈~)#.....#
#......≈≈≈≈~g# +####
######.≈≈≈≈oo#
#≈≈≈≈≈~@# #≈≈≈≈≈###
#≈≈≈≈≈# #≈≈≈≈≈#
#≈≈≈≈≈# #≈≈≈≈≈#
#≈≈≈≈≈#


You could see an orc knight (extremely poisoned), an orc (strong) and a
hobgoblin.

Vanquished Creatures
  A cyclops (D:6)
  A hornet (D:8)
  A shadow (D:9)
  5 yaks (D:8)
  A wraith (D:9)
  A steam dragon (D:6)
  Menkaure (D:7)
  3 acid dragons
  A water moccasin (D:7)
  2 black bears
  2 ogres
  2 ice beasts
  A centaur (D:7)
  A phantom (D:9)
  A gnoll sergeant (D:7)
  A necrophage (D:6)
  3 scorpions
  10 wights
  2 troll zombies (D:9)
  4 howler monkeys
  7 orc priests
  A hound (D:5)
  2 gnoll boudas
  6 iguanas
  Jessica (D:2)
  Natasha (thrice) (D:2)
  7 orc wizards
  4 ogre zombies (D:9)
  10 gnolls
  6 adders
  An ufetubus (D:6)
  2 worms
  2 dart slugs
  23 orcs
  9 bats
  3 endoplasms
  2 giant cockroaches
  12 goblins
  7 hobgoblins
  2 jackals (D:5)
  5 quokkas
  3 ball pythons
  3 frilled lizards (D:1)
  A goblin skeleton (D:9)
  A goblin zombie (D:9)
  A hobgoblin zombie (D:9)
  8 kobolds
  An orc skeleton (D:9)
  11 orc zombies (D:9)
  A rat (D:2)
189 creatures vanquished.

Vanquished Creatures (others)
  A goblin (D:4)
1 creature vanquished.

Grand Total: 190 creatures vanquished

Notes
Turn   | Place    | Note
-------+----------+-------------------------------------------
     0 | D:1      | jimonade the Vine Stalker Fighter began the quest for the
                  | Orb.
     0 | D:1      | Reached XP level 1. HP: 11/11 MP: 2/2
   130 | D:1      | Reached XP level 2. HP: 15/16 MP: 1/3
   453 | D:1      | Reached XP level 3. HP: 17/19 MP: 4/4
   762 | D:2      | Noticed Natasha
   770 | D:2      | Killed Natasha
   802 | D:2      | Noticed Natasha
   808 | D:2      | Killed Natasha
   809 | D:2      | Gained mutation: Your natural rate of healing is unusually
                  | fast. [Vine Stalker growth]
   809 | D:2      | Reached XP level 4. HP: 13/24 MP: 2/5
   838 | D:2      | Noticed Natasha
   845 | D:2      | Killed Natasha
  1022 | D:2      | Noticed Jessica
  1030 | D:2      | Killed Jessica
  1031 | D:2      | Reached XP level 5. HP: 22/28 MP: 4/6
  1317 | D:2      | Found a faded altar of an unknown god.
  1792 | D:3      | Reached skill level 1 in Short Blades
  2084 | D:4      | Found a shimmering altar of Xom.
  2108 | D:4      | Reached XP level 6. HP: 14/32 MP: 3/7
  2222 | D:4      | Reached skill level 1 in Dodging
  2908 | D:4      | Reached skill level 2 in Short Blades
  3117 | D:5      | Entered Level 5 of the Dungeon
  3129 | D:5      | Reached skill level 1 in Stealth
  3150 | D:5      | Reached XP level 7. HP: 30/36 MP: 5/8
  3300 | D:5      | Found a glowing silver altar of Zin.
  3413 | D:5      | Reached skill level 3 in Short Blades
  3559 | D:5      | Gained mutation: You have razor-sharp teeth. [Vine Stalker
                  | growth]
  3559 | D:5      | Reached XP level 8. HP: 40/42 MP: 7/9
  3719 | D:5      | Reached skill level 4 in Short Blades
  4124 | D:6      | Found a runed translucent door.
  4124 | D:6      | Noticed timneilson's ghost (novice GrFi)
  4191 | D:6      | Noticed a cyclops
  4199 | D:6      | Killed a cyclops
  4200 | D:6      | Reached skill level 5 in Short Blades
  4366 | D:6      | Reached skill level 5 in Armour
  4366 | D:6      | Reached XP level 9. HP: 45/46 MP: 10/10
  4380 | D:6      | Reached skill level 6 in Short Blades
  4511 | D:6      | Found an opulent altar of Gozag.
  4770 | D:6      | You fall into a shaft and drop 3 floors!
  4772 | D:9      | Found a shimmering blue altar of Sif Muna.
  5013 | D:9      | Reached skill level 7 in Short Blades
  5091 | D:9      | Reached skill level 5 in Fighting
  5185 | D:9      | Noticed Amaemon
  5286 | D:9      | Noticed a hornet
  5292 | D:8      | Paralysed by a hornet for 1 turns
  5294 | D:8      | Killed a hornet
  5301 | D:8      | Reached skill level 8 in Short Blades
  5307 | D:8      | Reached skill level 5 in Shields
  5307 | D:8      | Reached XP level 10. HP: 12/51 MP: 4/11
  5458 | D:7      | Found a staircase to the Ecumenical Temple.
  5473 | Temple   | Entered the Ecumenical Temple
  5480 | Temple   | Became a worshipper of Uskayaw the Reveller
  5491 | D:7      | Reached * piety under Uskayaw
  5494 | D:7      | Reached ** piety under Uskayaw
  5496 | D:7      | Reached *** piety under Uskayaw
  5523 | D:7      | Noticed Menkaure
  5535 | D:7      | Killed Menkaure
  5536 | D:7      | Reached skill level 9 in Short Blades
  5656 | D:7      | Reached **** piety under Uskayaw
  5657 | D:7      | Reached skill level 1 in Invocations
  5851 | D:7      | Found an ornate altar of the Wu Jian Council.
  6037 | D:7      | Found a flagged portal.
  6056 | Bailey   | Entered a bailey
  6072 | Bailey   | Noticed an orc knight
  6095 | Bailey   | HP: 1/51 [orc knight/+0 war axe (11)]
  6097 | Bailey   | Mangled by an orc knight

Illustrated notes

Levels and vault maps discovered:
D:1:      roderic_crossed_star, layout_loops_ring
D:2:      layout_loops_ring, shapermc_ecumenical_altar_mp_vishouse,
          uniq_natasha, uniq_jessica
D:3:      layout_basic
D:4:      layout_loops_ring, lemuel_crystal_altar
D:5:      minmay_inner_zag, layout_cave_pods, zin_scriptorium
D:6:      layout_loops_corners, grunt_gozag_statues,
          hellmonk_ghost_happy_afterlife, feat_on_display
D:7:      layout_cave_pools, general_overflow_altar,
          minmay_temple_entry_sparse_star, enter_bailey_7, uniq_menkaure
D:8:      layout_loops_ring, hangedman_ru_absence, uniq_maurice
D:9:      layout_rooms, demons_altar, kennysheep_little_box, zombieorc2_lemuel,
          uniq_amaemon
Temple:   nicolae_temple_no_exploring_needed
Bailey:   bailey_axe_of_yendor_kennysheep, bailey

Skill      XL: |  1  2  3  4  5  6  7  8  9 10 |
---------------+-------------------------------+-----
Shields        | 3 4 5 |  5.6
Axes           | 2 3 |  3.4
Fighting       | 3 4 5 |  5.7
Short Blades   | 1 2 3 5 8 9 |  9.2
Armour         | 3 4 5 6 |  6.2
Dodging        | 1 2 |  2.4
Stealth        | 1 |  1.9
Invocations    | 1 |  1.2

Action                     |  1- 3 |  4- 6 |  7- 9 | 10-12 || total
---------------------------+-------+-------+-------+-------++-------
  Melee: War axe           |    58 |    27 |       |       ||    85
         Bite              |     7 |    27 |    89 |    29 ||   152
         Dagger            |       |    69 |       |       ||    69
         Rapier            |       |    39 |   225 |    94 ||   358
         Short sword       |       |       |       |     9 ||     9
  Evoke: Wand              |       |     1 |       |       ||     1
    Use: Scroll            |       |       |     7 |     2 ||     9
   Stab: Paralysed         |       |       |       |     3 ||     3
 Armour: Scale mail        |    24 |    51 |    36 |       ||   111
         Chain mail        |       |       |    29 |    22 ||    51
  Dodge: Dodged            |    30 |    37 |    80 |    14 ||   161
  Block: Buckler           |    20 |    24 |    29 |       ||    73
         Tower shield      |       |       |    73 |    63 ||   136

Table legend: (Time is in decaauts)
 A = Elapsed time spent in this place.
 B = Non-inter-level travel time spent in this place.
 C = Inter-level travel time spent in this place.
 D = Time resting spent in this place.
 E = Time spent auto-exploring this place.
 F = Levels seen in this place.
 G = Mean time per level.
                   A        B        C        D        E       F      G
               +--------+--------+--------+--------+--------+-----+--------+
         Total |   6159 |   5898 |    261 |    101 |   4101 |  11 |  559.9 |
       Dungeon |   6104 |   5843 |    261 |    101 |   4101 |   9 |  678.2 |
        Temple |     14 |     14 |      0 |      0 |      0 |   1 |   14.0 |
        Bailey |     39 |     39 |      0 |      0 |      0 |   1 |   39.0 |
               +--------+--------+--------+--------+--------+-----+--------+

Top non-repeatable levels by time:
     D:4: 1035 daAuts
     D:5: 975 daAuts
     D:2: 814 daAuts
     D:1: 709 daAuts
     D:6: 681 daAuts
     D:7: 637 daAuts
     D:3: 576 daAuts
     D:9: 547 daAuts
     D:8: 125 daAuts
  Bailey: 39 daAuts
  Temple: 14 daAuts
